[ AOE2 MATCH · #467513093 ]
UnrankedEthiopians vs Poles
Player's team · LOSS
[ REPLAY ANALYSIS · EXTRACTED FROM THE RECORDED GAME ]
Feudal
12:03
Castle
33:45
Imperial
50:19
| APM avg | 35.3 |
| APM peak | 102 |
| eAPM avg | 18.5 |
| Villagers / military | 211 / 225 |
Focus
⚔️ 30.1% · 🌾 69.9%
Archer ×209 · Trade Cart ×31 · Mangonel ×11 · Trebuchet (Packed) ×3 · Skirmisher ×2
Feudal
10:25
Castle
20:18
Imperial
—
| APM avg | 23.3 |
| APM peak | 760 |
| eAPM avg | 17.9 |
| Villagers / military | 72 / 4 |
Focus
⚔️ 30.4% · 🌾 69.6%
Mangonel ×4
Feudal
12:33
Castle
24:21
Imperial
41:03
| APM avg | 35.9 |
| APM peak | 63 |
| eAPM avg | 25.4 |
| Villagers / military | 125 / 443 |
Focus
⚔️ 40.6% · 🌾 59.4%
Spearman ×391 · Unknown (1959) ×121 · Battering Ram ×36 · Fishing Ship ×23 · Trade Cart ×22 · Unknown (1942) ×15
Feudal
11:39
Castle
15:34
Imperial
33:18
| APM avg | 37.1 |
| APM peak | 92 |
| eAPM avg | 19.5 |
| Villagers / military | 137 / 751 |
Focus
⚔️ 48.4% · 🌾 51.6%
Magyar Huszar ×410 · Cavalry Archer ×124 · Scout Cavalry ×101 · Mangonel ×54 · Skirmisher ×25 · Knight ×21
Feudal
9:34
Castle
23:39
Imperial
39:53
| APM avg | 50.7 |
| APM peak | 93 |
| eAPM avg | 23.1 |
| Villagers / military | 96 / 128 |
Focus
⚔️ 40.6% · 🌾 59.4%
Monk ×76 · Archer ×35 · Mangonel ×11 · Militia ×3 · Spearman ×3
Feudal
12:53
Castle
17:38
Imperial
33:23
| APM avg | 55.6 |
| APM peak | 107 |
| eAPM avg | 26.9 |
| Villagers / military | 214 / 385 |
Focus
⚔️ 33.4% · 🌾 66.6%
Battle Elephant ×153 · Ballista Elephant ×140 · Scout Cavalry ×80 · Trade Cart ×31 · Fishing Ship ×25 · Battering Ram ×4
Feudal
11:18
Castle
14:52
Imperial
32:43
| APM avg | 45.7 |
| APM peak | 92 |
| eAPM avg | 25.3 |
| Villagers / military | 140 / 480 |
Focus
⚔️ 40.0% · 🌾 60.0%
Scout Cavalry ×231 · Militia ×83 · Spearman ×56 · Knight ×41 · Mangonel ×31 · Battering Ram ×27
Feudal
11:22
Castle
16:19
Imperial
34:57
| APM avg | 36.9 |
| APM peak | 76 |
| eAPM avg | 18.0 |
| Villagers / military | 205 / 531 |
Focus
⚔️ 30.6% · 🌾 69.4%
Spearman ×298 · Scorpion ×179 · Trade Cart ×80 · Militia ×35 · Centurion ×9 · Mangonel ×7
Match map
Initial resources + every placement click. Lines = walls · curves = elevation contours. ◆ gold · ⬟ stone · ● berries · ✦ relic · ◌ wall gap
Inputs per minute
— Flowmas - - bluepeople
Build order — Flowmas
First 150 of 514 actions detected
| 0:01 | Create | Villager (Male) ×4 |
| 0:01 | Create | Villager (Male) ×4 |
| 0:03 | Build | House |
| 0:04 | Build | House |
| 0:15 | Create | Villager (Male) |
| 0:17 | Research | Loom |
| 0:40 | Build | Palisade Wall |
| 0:46 | Create | Villager (Male) |
| 0:46 | Create | Villager (Male) |
| 1:30 | Create | Villager (Male) |
| 1:46 | Build | House |
| 1:55 | Create | Villager (Male) |
| 1:55 | Create | Villager (Male) |
| 2:18 | Create | Villager (Male) |
| 2:40 | Create | Villager (Male) |
| 2:54 | Build | Lumber Camp |
| 3:13 | Create | Villager (Male) |
| 3:42 | Create | Villager (Male) |
| 3:42 | Create | Villager (Male) |
| 4:34 | Create | Villager (Male) |
| 4:35 | Create | Villager (Male) |
| 5:09 | Create | Villager (Male) |
| 5:10 | Create | Villager (Male) |
| 5:14 | Build | House |
| 6:32 | Create | Villager (Male) |
| 6:32 | Create | Villager (Male) |
| 7:03 | Build | Mill |
| 7:14 | Create | Villager (Male) |
| 7:26 | Build | Mining Camp |
| 7:28 | Create | Villager (Male) |
| 7:44 | Create | Villager (Male) |
| 7:44 | Create | Villager (Male) |
| 8:43 | Create | Villager (Male) |
| 8:52 | Build | House |
| 9:28 | Create | Villager (Male) |
| 9:31 | Research | Feudal Age |
| 10:13 | Build | Palisade Wall |
| 10:57 | Build | Barracks |
| 11:17 | Create | Villager (Male) |
| 11:18 | Build | Palisade Wall |
| 11:20 | Build | Palisade Wall |
| 11:27 | Build | Lumber Camp |
| 11:31 | Build | House |
| 11:49 | Build | Mining Camp |
| 12:03 | Age | Feudal Age |
| 12:15 | Create | Villager (Male) |
| 12:15 | Create | Villager (Male) |
| 12:19 | Build | Watch Tower |
| 12:48 | Build | Watch Tower |
| 12:56 | Create | Villager (Male) |
| 12:56 | Create | Villager (Male) |
| 13:32 | Build | Watch Tower |
| 13:40 | Create | Villager (Male) |
| 13:41 | Create | Villager (Male) |
| 13:53 | Build | Stone Wall |
| 14:29 | Create | Villager (Male) |
| 14:29 | Create | Villager (Male) |
| 15:08 | Research | Double-Bit Axe |
| 15:18 | Build | Archery Range |
| 15:28 | Build | Archery Range |
| 15:33 | Build | House |
| 15:52 | Create | Archer |
| 15:53 | Create | Archer |
| 16:02 | Create | Villager (Male) |
| 16:03 | Create | Villager (Male) |
| 16:03 | Create | Villager (Male) |
| 16:23 | Build | House |
| 16:26 | Create | Villager (Male) |
| 16:26 | Create | Villager (Male) |
| 16:42 | Create | Archer |
| 17:09 | Create | Archer |
| 17:13 | Build | Blacksmith |
| 17:29 | Build | Archery Range |
| 18:02 | Research | Fletching |
| 18:02 | Research | Fletching |
| 18:12 | Build | House |
| 18:13 | Create | Villager (Male) |
| 18:13 | Create | Villager (Male) |
| 18:20 | Create | Archer |
| 18:20 | Create | Archer |
| 18:23 | Create | Skirmisher |
| 18:24 | Create | Skirmisher |
| 18:49 | Build | Watch Tower |
| 19:11 | Create | Archer |
| 19:39 | Create | Villager (Male) |
| 19:39 | Create | Villager (Male) |
| 19:45 | Build | Market |
| 20:04 | Create | Villager (Male) |
| 20:04 | Create | Villager (Male) |
| 20:41 | Create | Villager (Male) |
| 20:42 | Create | Villager (Male) |
| 21:18 | Create | Archer |
| 21:18 | Create | Archer |
| 21:18 | Create | Archer |
| 22:04 | Build | Town Center |
| 24:34 | Create | Villager (Male) |
| 24:34 | Create | Villager (Male) |
| 24:37 | Build | Farm |
| 25:01 | Build | Farm |
| 25:34 | Create | Villager (Male) |
| 25:34 | Create | Villager (Male) |
| 25:39 | Build | Farm |
| 25:45 | Build | Farm |
| 25:56 | Create | Villager (Male) |
| 26:09 | Build | Farm |
| 26:31 | Create | Villager (Male) |
| 26:31 | Create | Villager (Male) |
| 26:31 | Create | Villager (Male) |
| 26:55 | Create | Villager (Male) |
| 27:01 | Build | Farm |
| 27:03 | Build | Farm |
| 27:07 | Build | Farm |
| 27:12 | Create | Villager (Male) |
| 27:12 | Create | Villager (Male) |
| 27:27 | Build | Mill |
| 28:02 | Research | Horse Collar |
| 28:02 | Research | Horse Collar |
| 28:02 | Research | Horse Collar |
| 28:02 | Research | Horse Collar |
| 28:22 | Build | Farm |
| 28:23 | Build | Farm |
| 28:34 | Create | Villager (Male) |
| 28:35 | Create | Villager (Male) |
| 28:59 | Create | Villager (Male) |
| 29:17 | Build | House |
| 29:18 | Build | House |
| 29:21 | Build | Farm |
| 29:35 | Build | Farm |
| 29:44 | Create | Villager (Male) |
| 30:04 | Create | Villager (Male) |
| 30:09 | Build | Farm |
| 30:12 | Build | Farm |
| 30:31 | Build | Lumber Camp |
| 30:35 | Create | Villager (Male) |
| 31:05 | Research | Castle Age |
| 32:23 | Build | House |
| 32:24 | Build | House |
| 33:03 | Create | Villager (Male) |
| 33:03 | Create | Villager (Male) |
| 33:29 | Build | House |
| 33:45 | Age | Castle Age |
| 33:48 | Build | Town Center |
| 33:49 | Research | Bow Saw |
| 33:57 | Build | Town Center |
| 34:00 | Create | Villager (Male) |
| 34:00 | Create | Villager (Male) |
| 34:09 | Build | House |
| 34:10 | Build | House |
| 35:06 | Build | Farm |
| 35:08 | Create | Villager (Male) |
Build order — bluepeople
144 actions detected in the replay
| 0:01 | Create | Villager (Male) |
| 0:01 | Create | Villager (Male) |
| 0:01 | Create | Villager (Male) |
| 0:03 | Build | House |
| 0:04 | Build | House |
| 0:06 | Create | Villager (Male) |
| 0:06 | Create | Villager (Male) |
| 0:59 | Research | Loom |
| 1:00 | Create | Villager (Male) |
| 1:01 | Create | Villager (Male) |
| 1:33 | Create | Villager (Male) |
| 1:33 | Create | Villager (Male) |
| 2:02 | Build | Palisade Wall |
| 2:09 | Build | Palisade Wall |
| 2:35 | Create | Villager (Male) |
| 2:36 | Create | Villager (Male) |
| 2:46 | Build | Palisade Wall |
| 3:00 | Build | Lumber Camp |
| 3:01 | Create | Villager (Male) |
| 3:01 | Create | Villager (Male) |
| 3:10 | Create | Villager (Male) |
| 3:10 | Create | Villager (Male) |
| 3:43 | Create | Villager (Male) |
| 4:06 | Build | House |
| 4:08 | Create | Villager (Male) |
| 4:29 | Create | Villager (Male) |
| 4:57 | Create | Villager (Male) |
| 5:03 | Create | Villager (Male) |
| 5:44 | Build | House |
| 5:58 | Create | Villager (Male) |
| 6:23 | Build | Mill |
| 6:27 | Create | Villager (Male) |
| 6:27 | Create | Villager (Male) |
| 6:54 | Create | Villager (Male) |
| 7:38 | Build | Palisade Wall |
| 7:45 | Create | Villager (Male) |
| 8:15 | Research | Feudal Age |
| 8:15 | Research | Feudal Age |
| 8:23 | Build | Mining Camp |
| 9:30 | Create | Villager (Male) |
| 9:30 | Create | Villager (Male) |
| 10:25 | Age | Feudal Age |
| 10:26 | Build | Watch Tower |
| 10:30 | Research | Double-Bit Axe |
| 10:36 | Build | Blacksmith |
| 11:09 | Create | Villager (Male) |
| 11:20 | Create | Villager (Male) |
| 11:22 | Create | Villager (Male) |
| 11:31 | Research | Fletching |
| 11:56 | Build | Watch Tower |
| 11:57 | Create | Villager (Male) |
| 11:57 | Create | Villager (Male) |
| 12:01 | Create | Villager (Male) |
| 12:03 | Create | Villager (Male) |
| 12:04 | Create | Villager (Male) |
| 12:18 | Build | House |
| 12:20 | Build | House |
| 12:25 | Create | Villager (Male) |
| 12:37 | Build | Palisade Gate |
| 12:44 | Research | Horse Collar |
| 12:49 | Build | Farm |
| 13:05 | Create | Villager (Male) |
| 13:49 | Build | Mining Camp |
| 13:52 | Create | Villager (Male) |
| 13:58 | Create | Villager (Male) |
| 14:11 | Build | Lumber Camp |
| 14:15 | Build | Farm |
| 14:18 | Build | Farm |
| 14:29 | Create | Villager (Male) |
| 14:33 | Build | House |
| 15:04 | Create | Villager (Male) |
| 15:25 | Create | Villager (Male) |
| 15:31 | Build | Stone Wall |
| 15:37 | Build | Farm |
| 15:39 | Create | Villager (Male) |
| 15:51 | Create | Villager (Male) |
| 15:59 | Build | Market |
| 16:03 | Build | Farm |
| 16:34 | Create | Villager (Male) |
| 16:53 | Build | Farm |
| 16:54 | Build | Farm |
| 17:14 | Build | Farm |
| 17:29 | Build | Mill |
| 17:38 | Research | Castle Age |
| 17:38 | Research | Castle Age |
| 17:53 | Build | House |
| 18:10 | Create | Villager (Male) |
| 18:28 | Build | House |
| 19:23 | Build | Barracks |
| 19:56 | Build | Watch Tower |
| 20:10 | Create | Villager (Male) |
| 20:18 | Age | Castle Age |
| 20:19 | Build | Siege Workshop |
| 20:21 | Research | Bow Saw |
| 20:27 | Research | Bodkin Arrow |
| 20:34 | Build | Town Center |
| 20:52 | Create | Villager (Male) |
| 20:59 | Create | Villager (Male) |
| 21:04 | Create | Mangonel |
| 21:04 | Create | Mangonel |
| 21:04 | Create | Mangonel |
| 21:05 | Create | Villager (Male) |
| 21:10 | Create | Villager (Male) |
| 21:31 | Create | Villager (Male) |
| 21:35 | Build | House |
| 21:50 | Create | Villager (Male) |
| 21:50 | Create | Villager (Male) |
| 21:59 | Create | Villager (Male) |
| 22:02 | Create | Villager (Male) |
| 22:25 | Create | Villager (Male) |
| 22:36 | Build | Building 487 |
| 22:45 | Create | Villager (Male) |
| 22:45 | Create | Villager (Male) |
| 22:59 | Create | Villager (Male) |
| 23:15 | Build | Farm |
| 23:15 | Build | Farm |
| 23:15 | Build | Farm |
| 23:15 | Build | Farm |
| 23:16 | Build | Farm |
| 23:16 | Build | Farm |
| 23:18 | Research | Heavy Plow |
| 23:18 | Research | Heavy Plow |
| 23:18 | Research | Heavy Plow |
| 23:20 | Create | Villager (Male) |
| 23:32 | Create | Mangonel |
| 23:38 | Build | House |
| 23:41 | Create | Villager (Male) |
| 23:42 | Create | Villager (Male) |
| 23:56 | Build | Farm |
| 23:56 | Build | Farm |
| 23:59 | Build | Lumber Camp |
| 24:10 | Create | Villager (Male) |
| 24:19 | Build | Farm |
| 24:31 | Build | Town Center |
| 24:35 | Create | Villager (Male) |
| 24:41 | Create | Villager (Male) |
| 24:51 | Build | Mining Camp |
| 25:01 | Create | Villager (Male) |
| 25:01 | Create | Villager (Male) |
| 25:07 | Create | Villager (Male) |
| 25:13 | Build | Stone Wall |
| 25:23 | Create | Villager (Male) |
| 25:24 | Create | Villager (Male) |
| 26:08 | Create | Villager (Male) |
Build order — Lolokoil
First 150 of 621 actions detected
| 0:00 | Create | Villager (Male) |
| 0:02 | Build | House |
| 0:02 | Create | Villager (Male) |
| 0:03 | Build | House |
| 0:15 | Create | Villager (Male) |
| 0:15 | Create | Villager (Male) |
| 0:16 | Create | Villager (Male) |
| 0:28 | Research | Loom |
| 0:29 | Create | Villager (Male) |
| 0:30 | Create | Villager (Male) |
| 0:32 | Create | Villager (Male) |
| 1:50 | Build | Palisade Wall |
| 1:56 | Build | Palisade Wall |
| 2:46 | Create | Villager (Male) |
| 2:51 | Build | Lumber Camp |
| 3:28 | Create | Villager (Male) |
| 4:11 | Create | Villager (Male) |
| 5:01 | Create | Villager (Male) |
| 5:17 | Build | House |
| 5:20 | Create | Villager (Male) |
| 6:12 | Create | Villager (Male) |
| 6:34 | Create | Villager (Male) |
| 6:50 | Build | Mill |
| 6:56 | Create | Villager (Male) |
| 7:00 | Create | Villager (Male) |
| 7:14 | Create | Villager (Male) |
| 7:15 | Create | Villager (Male) |
| 7:15 | Create | Villager (Male) |
| 7:35 | Create | Villager (Male) |
| 8:26 | Create | Villager (Male) |
| 8:32 | Build | House |
| 8:36 | Create | Villager (Male) |
| 9:45 | Build | Mill |
| 9:53 | Build | House |
| 10:02 | Build | House |
| 10:11 | Build | House |
| 10:18 | Research | Feudal Age |
| 10:30 | Build | Lumber Camp |
| 11:02 | Build | Palisade Wall |
| 11:13 | Build | Palisade Wall |
| 11:14 | Build | Palisade Wall |
| 11:16 | Build | Palisade Wall |
| 11:19 | Build | Palisade Wall |
| 11:20 | Build | Palisade Wall |
| 11:24 | Build | Palisade Wall |
| 11:27 | Build | Palisade Wall |
| 11:28 | Build | Palisade Wall |
| 11:30 | Build | Palisade Wall |
| 11:31 | Build | Palisade Wall |
| 11:38 | Build | Palisade Wall |
| 11:51 | Build | Palisade Wall |
| 12:07 | Create | Villager (Male) |
| 12:12 | Build | Mining Camp |
| 12:33 | Age | Feudal Age |
| 12:35 | Build | Watch Tower |
| 12:36 | Create | Villager (Male) |
| 12:46 | Create | Villager (Male) |
| 12:54 | Build | House |
| 13:21 | Build | House |
| 13:33 | Build | Palisade Wall |
| 13:34 | Create | Villager (Male) |
| 13:40 | Research | Double-Bit Axe |
| 14:04 | Create | Villager (Male) |
| 14:26 | Build | Blacksmith |
| 14:30 | Create | Villager (Male) |
| 14:32 | Create | Villager (Male) |
| 14:42 | Build | House |
| 14:46 | Create | Villager (Male) |
| 15:03 | Research | Fletching |
| 15:34 | Build | Market |
| 15:48 | Create | Villager (Male) |
| 15:51 | Research | Horse Collar |
| 16:11 | Build | Barracks |
| 16:18 | Create | Villager (Male) |
| 16:26 | Create | Villager (Male) |
| 16:39 | Create | Villager (Male) |
| 16:49 | Build | Dock |
| 16:52 | Create | Villager (Male) |
| 17:13 | Create | Villager (Male) |
| 17:40 | Build | Archery Range |
| 17:44 | Create | Villager (Male) |
| 17:48 | Create | Fishing Ship |
| 17:57 | Build | Mining Camp |
| 18:18 | Build | House |
| 18:35 | Create | Fishing Ship |
| 18:37 | Create | Villager (Male) |
| 18:42 | Create | Skirmisher |
| 19:19 | Build | Mining Camp |
| 19:25 | Create | Archer |
| 19:32 | Create | Villager (Male) |
| 19:33 | Create | Villager (Male) |
| 19:41 | Create | Fishing Ship |
| 19:46 | Build | Farm |
| 19:47 | Build | Farm |
| 19:47 | Build | Farm |
| 19:55 | Build | Watch Tower |
| 20:11 | Create | Archer |
| 20:20 | Create | Archer |
| 20:25 | Create | Villager (Male) |
| 20:27 | Build | House |
| 20:30 | Build | Farm |
| 21:01 | Create | Villager (Male) |
| 21:03 | Build | Farm |
| 21:05 | Build | Farm |
| 21:12 | Create | Archer |
| 21:33 | Create | Archer |
| 21:41 | Research | Castle Age |
| 21:44 | Build | House |
| 22:33 | Create | Villager (Male) |
| 22:55 | Create | Archer |
| 22:57 | Build | House |
| 23:27 | Build | House |
| 23:36 | Create | Fishing Ship |
| 23:36 | Create | Fishing Ship |
| 23:41 | Create | Archer |
| 23:41 | Create | Archer |
| 23:57 | Research | Gold Mining |
| 24:21 | Age | Castle Age |
| 24:21 | Research | Bodkin Arrow |
| 24:26 | Build | University |
| 24:27 | Create | Villager (Male) |
| 24:47 | Create | Archer |
| 25:10 | Research | Guard Tower (upgrade) |
| 25:23 | Create | Archer |
| 25:36 | Build | House |
| 25:39 | Create | Villager (Male) |
| 25:40 | Create | Villager (Male) |
| 25:40 | Create | Villager (Male) |
| 25:43 | Build | Town Center |
| 25:46 | Research | Bow Saw |
| 26:21 | Create | Villager (Male) |
| 26:28 | Build | Fish Trap |
| 26:32 | Build | Fish Trap |
| 26:34 | Build | Fish Trap |
| 26:38 | Build | Fish Trap |
| 26:59 | Build | Stone Wall |
| 27:04 | Build | Building 487 |
| 27:16 | Create | Villager (Male) |
| 27:16 | Create | Villager (Male) |
| 27:17 | Create | Villager (Male) |
| 27:19 | Build | Town Center |
| 27:23 | Create | Villager (Male) |
| 27:24 | Create | Villager (Male) |
| 27:28 | Build | Fish Trap |
| 27:30 | Create | Fishing Ship |
| 27:37 | Research | Crossbowman (upgrade) |
| 27:54 | Build | Stone Wall |
| 28:05 | Create | Villager (Male) |
| 28:07 | Build | Farm |
| 28:13 | Create | Villager (Male) |
Build order — Ozz
First 150 of 609 actions detected
| 0:01 | Create | Villager (Male) ×4 |
| 0:02 | Build | House |
| 0:03 | Build | House |
| 1:29 | Create | Villager (Male) |
| 1:45 | Build | Lumber Camp |
| 2:21 | Create | Villager (Male) |
| 2:21 | Create | Villager (Male) |
| 2:58 | Create | Villager (Male) |
| 3:08 | Create | Villager (Male) |
| 3:31 | Build | House |
| 3:39 | Create | Villager (Male) |
| 4:01 | Create | Villager (Male) |
| 4:45 | Create | Villager (Male) |
| 4:47 | Build | Mill |
| 5:19 | Create | Villager (Male) |
| 5:19 | Create | Villager (Male) |
| 5:20 | Create | Villager (Male) |
| 5:46 | Build | House |
| 5:51 | Build | Dock |
| 5:58 | Create | Villager (Male) |
| 6:38 | Create | Villager (Male) |
| 6:40 | Create | Villager (Male) |
| 6:41 | Create | Fishing Ship |
| 7:11 | Create | Fishing Ship |
| 7:14 | Build | House |
| 7:27 | Create | Villager (Male) |
| 7:42 | Create | Villager (Male) |
| 7:56 | Create | Fishing Ship |
| 8:37 | Create | Villager (Male) |
| 8:48 | Create | Fishing Ship |
| 8:50 | Create | Villager (Male) |
| 9:29 | Research | Feudal Age |
| 9:44 | Build | Mining Camp |
| 10:27 | Build | House |
| 10:29 | Build | House |
| 11:32 | Create | Villager (Male) |
| 11:35 | Create | Villager (Male) |
| 11:39 | Age | Feudal Age |
| 11:45 | Build | Market |
| 11:51 | Build | Blacksmith |
| 11:55 | Create | Villager (Male) |
| 12:45 | Research | Castle Age |
| 13:11 | Build | Lumber Camp |
| 13:57 | Research | Double-Bit Axe |
| 14:25 | Create | Villager (Male) |
| 14:26 | Create | Villager (Male) |
| 15:34 | Age | Castle Age |
| 15:37 | Build | Town Center |
| 15:44 | Create | Villager (Male) |
| 15:49 | Build | Town Center |
| 16:13 | Create | Demolition Raft |
| 16:17 | Create | Villager (Male) |
| 16:25 | Build | Monastery |
| 16:38 | Research | Horse Collar |
| 17:01 | Create | Villager (Male) |
| 17:01 | Create | Villager (Male) |
| 17:04 | Create | Monk |
| 17:24 | Create | Villager (Male) |
| 17:27 | Create | Villager (Male) |
| 17:35 | Build | Barracks |
| 17:38 | Create | Villager (Male) |
| 17:39 | Research | Loom |
| 17:45 | Build | Farm |
| 17:46 | Build | Farm |
| 17:46 | Build | Farm |
| 17:46 | Build | Farm |
| 17:46 | Build | Farm |
| 17:47 | Build | Farm |
| 17:47 | Build | Farm |
| 17:47 | Build | Farm |
| 18:02 | Research | Bow Saw |
| 18:03 | Create | Villager (Male) |
| 18:12 | Build | Farm |
| 18:14 | Create | Villager (Male) |
| 18:19 | Create | Villager (Male) |
| 18:19 | Create | Villager (Male) |
| 18:31 | Build | Stable |
| 18:34 | Create | Villager (Male) |
| 18:35 | Create | Villager (Male) |
| 18:42 | Create | Villager (Male) |
| 18:46 | Create | Villager (Male) |
| 18:53 | Create | Villager (Male) |
| 18:58 | Build | Fish Trap |
| 19:00 | Build | Fish Trap |
| 19:05 | Build | Fish Trap |
| 19:11 | Build | House |
| 19:15 | Research | Wheelbarrow |
| 19:27 | Build | Fish Trap |
| 19:30 | Create | Villager (Male) |
| 19:56 | Create | Knight |
| 20:05 | Build | House |
| 20:06 | Build | House |
| 20:06 | Build | House |
| 20:06 | Build | House |
| 20:06 | Build | House |
| 20:07 | Build | House |
| 20:07 | Build | House |
| 20:07 | Build | House |
| 20:08 | Build | House |
| 20:08 | Build | House |
| 20:13 | Create | Villager (Male) |
| 20:16 | Build | Farm |
| 20:16 | Build | Farm |
| 20:16 | Build | Farm |
| 20:16 | Build | Farm |
| 20:16 | Build | Farm |
| 20:17 | Build | Farm |
| 20:17 | Build | Farm |
| 20:20 | Build | Farm |
| 20:21 | Build | Farm |
| 20:21 | Build | Farm |
| 20:25 | Build | Farm |
| 20:26 | Build | Farm |
| 20:26 | Build | Farm |
| 20:33 | Create | Villager (Male) |
| 20:40 | Build | Farm |
| 20:41 | Create | Villager (Male) |
| 20:57 | Build | Farm |
| 20:58 | Build | Farm |
| 20:58 | Build | Farm |
| 20:58 | Build | Farm |
| 20:59 | Build | Farm |
| 20:59 | Build | Farm |
| 20:59 | Build | Farm |
| 21:00 | Build | Farm |
| 21:00 | Build | Farm |
| 21:00 | Build | Farm |
| 21:05 | Create | Knight |
| 21:30 | Create | Villager (Male) |
| 21:39 | Build | Stable |
| 21:41 | Build | Stable |
| 21:46 | Create | Villager (Male) |
| 21:47 | Create | Villager (Male) |
| 21:48 | Research | Gold Mining |
| 21:51 | Create | Villager (Male) |
| 21:51 | Create | Villager (Male) |
| 22:02 | Create | Villager (Male) |
| 22:20 | Research | Scale Barding Armor |
| 22:21 | Create | Villager (Male) |
| 22:21 | Create | Villager (Male) |
| 22:24 | Build | Farm |
| 22:27 | Create | Knight |
| 22:31 | Create | Villager (Male) |
| 22:42 | Build | Farm |
| 22:42 | Build | Farm |
| 22:42 | Build | Farm |
| 22:42 | Build | Farm |
| 22:42 | Build | Farm |
| 22:43 | Build | Farm |
| 22:43 | Build | Farm |
Build order — Fluffy
First 150 of 381 actions detected
| 0:00 | Create | Villager (Male) |
| 0:01 | Build | House |
| 0:02 | Build | House |
| 0:11 | Create | Villager (Male) |
| 0:11 | Create | Villager (Male) |
| 0:12 | Create | Villager (Male) |
| 0:21 | Research | Loom |
| 0:22 | Create | Villager (Male) ×3 |
| 0:57 | Build | Palisade Wall |
| 1:35 | Build | Lumber Camp |
| 2:05 | Create | Villager (Male) |
| 2:39 | Create | Villager (Male) |
| 3:04 | Create | Villager (Male) |
| 3:25 | Create | Villager (Male) |
| 3:44 | Build | House |
| 3:53 | Create | Villager (Male) |
| 4:08 | Create | Villager (Male) |
| 4:30 | Create | Villager (Male) |
| 5:05 | Create | Villager (Male) |
| 5:07 | Create | Villager (Male) |
| 5:28 | Create | Villager (Male) |
| 6:12 | Create | Villager (Male) |
| 6:20 | Create | Villager (Male) |
| 6:21 | Create | Villager (Male) |
| 6:23 | Create | Villager (Male) |
| 6:44 | Build | Mining Camp |
| 7:24 | Research | Feudal Age |
| 7:44 | Build | Barracks |
| 8:33 | Build | House |
| 8:35 | Create | Militia |
| 8:36 | Create | Militia |
| 8:36 | Create | Militia |
| 9:31 | Create | Villager (Male) |
| 9:34 | Age | Feudal Age |
| 9:36 | Build | Archery Range |
| 9:36 | Build | Blacksmith |
| 9:49 | Research | Man-at-Arms (upgrade) |
| 9:51 | Build | House |
| 10:30 | Create | Archer |
| 10:48 | Research | Fletching |
| 10:59 | Create | Archer |
| 10:59 | Create | Archer |
| 11:09 | Build | House |
| 11:30 | Create | Archer |
| 11:59 | Build | Archery Range |
| 12:00 | Create | Archer |
| 12:47 | Create | Archer |
| 12:52 | Create | Villager (Male) |
| 12:54 | Create | Villager (Male) |
| 12:56 | Build | Mill |
| 13:01 | Create | Archer |
| 13:46 | Create | Villager (Male) |
| 13:46 | Create | Villager (Male) |
| 13:51 | Create | Archer |
| 13:55 | Build | Farm |
| 14:04 | Create | Archer |
| 14:04 | Create | Archer |
| 14:28 | Create | Archer |
| 14:58 | Create | Villager (Male) |
| 14:59 | Create | Archer |
| 15:00 | Build | Farm |
| 15:00 | Build | Farm |
| 15:00 | Build | Farm |
| 15:01 | Create | Archer |
| 15:28 | Build | House |
| 15:35 | Create | Archer |
| 15:53 | Create | Archer |
| 16:10 | Create | Villager (Male) |
| 16:17 | Build | Stone Wall |
| 16:24 | Build | Building 673 |
| 16:26 | Create | Archer |
| 16:32 | Create | Villager (Male) |
| 16:48 | Create | Villager (Male) |
| 16:49 | Build | Farm |
| 16:50 | Build | Farm |
| 16:50 | Build | Farm |
| 16:50 | Build | Farm |
| 17:02 | Create | Archer |
| 17:06 | Create | Villager (Male) |
| 17:27 | Create | Archer |
| 17:32 | Build | House |
| 17:55 | Create | Archer |
| 18:01 | Create | Archer |
| 18:14 | Build | Stone Wall |
| 18:19 | Create | Archer |
| 18:23 | Create | Villager (Male) |
| 18:27 | Create | Archer |
| 18:42 | Create | Villager (Male) |
| 18:51 | Create | Villager (Male) |
| 18:55 | Build | House |
| 19:20 | Create | Archer |
| 19:27 | Build | Market |
| 19:32 | Create | Archer |
| 19:45 | Create | Archer |
| 20:02 | Create | Villager (Male) |
| 20:08 | Create | Archer |
| 20:33 | Build | House |
| 20:59 | Research | Castle Age |
| 21:06 | Create | Archer |
| 21:37 | Create | Archer |
| 21:44 | Create | Archer |
| 21:49 | Create | Archer |
| 21:58 | Create | Spearman |
| 21:58 | Create | Spearman |
| 21:58 | Create | Spearman |
| 22:10 | Create | Archer |
| 22:50 | Create | Archer |
| 23:07 | Create | Archer |
| 23:16 | Create | Archer |
| 23:26 | Create | Archer |
| 23:39 | Age | Castle Age |
| 23:42 | Build | Monastery |
| 23:43 | Build | Monastery |
| 23:55 | Research | Bodkin Arrow |
| 23:56 | Create | Villager (Male) |
| 24:01 | Research | Gold Mining |
| 24:03 | Research | Double-Bit Axe |
| 24:22 | Create | Monk |
| 24:25 | Build | Mining Camp |
| 24:33 | Create | Villager (Male) |
| 24:44 | Create | Villager (Male) |
| 24:55 | Create | Monk |
| 25:01 | Build | House |
| 25:02 | Build | House |
| 25:04 | Create | Villager (Male) |
| 25:16 | Research | Crossbowman (upgrade) |
| 25:24 | Research | Sanctity |
| 25:31 | Build | House |
| 26:34 | Research | Redemption |
| 26:50 | Build | Outpost |
| 26:51 | Build | Outpost |
| 27:20 | Create | Monk |
| 27:20 | Create | Monk |
| 27:33 | Create | Monk |
| 27:56 | Create | Monk |
| 28:03 | Create | Monk |
| 28:14 | Create | Monk |
| 28:14 | Create | Monk |
| 28:21 | Create | Villager (Male) |
| 28:31 | Build | Stone Wall |
| 28:33 | Build | Stone Wall |
| 28:36 | Build | Stone Wall |
| 28:38 | Build | Stone Wall |
| 28:46 | Create | Monk |
| 28:54 | Create | Monk |
| 28:55 | Create | Villager (Male) |
| 28:56 | Create | Villager (Male) |
| 29:04 | Build | Monastery |
| 29:06 | Build | Stone Wall |
| 29:25 | Build | Building 487 |
Build order — Gumndor
First 150 of 696 actions detected
| 0:01 | Create | Villager (Male) |
| 0:02 | Build | House |
| 0:04 | Build | House |
| 0:04 | Create | Villager (Male) |
| 0:26 | Create | Villager (Male) |
| 0:26 | Create | Villager (Male) |
| 1:20 | Build | Lumber Camp |
| 1:27 | Create | Villager (Male) |
| 1:27 | Create | Villager (Male) |
| 1:59 | Create | Villager (Male) |
| 2:31 | Create | Villager (Male) |
| 3:01 | Create | Villager (Male) |
| 3:08 | Create | Villager (Male) |
| 3:08 | Create | Villager (Male) |
| 3:14 | Build | House |
| 3:32 | Create | Villager (Male) |
| 3:45 | Create | Villager (Male) |
| 4:23 | Create | Villager (Male) |
| 4:52 | Build | Palisade Wall |
| 5:01 | Build | Palisade Wall |
| 5:04 | Build | House |
| 5:13 | Research | Loom |
| 5:13 | Research | Loom |
| 5:14 | Create | Villager (Male) |
| 5:15 | Create | Villager (Male) |
| 5:15 | Create | Villager (Male) |
| 5:18 | Build | House |
| 5:32 | Build | House |
| 5:40 | Build | House |
| 5:45 | Create | Villager (Male) |
| 5:45 | Create | Villager (Male) |
| 5:59 | Create | Villager (Male) |
| 6:00 | Create | Villager (Male) |
| 6:09 | Create | Villager (Male) |
| 6:23 | Build | Dock |
| 6:43 | Build | House |
| 7:09 | Create | Villager (Male) |
| 7:30 | Build | Dock |
| 7:55 | Create | Villager (Male) |
| 7:55 | Create | Villager (Male) |
| 8:22 | Create | Villager (Male) |
| 8:23 | Create | Villager (Male) |
| 8:23 | Create | Villager (Male) |
| 8:27 | Create | Fishing Ship |
| 8:28 | Create | Fishing Ship |
| 8:28 | Create | Fishing Ship |
| 8:31 | Create | Fishing Ship |
| 8:35 | Build | House |
| 8:47 | Build | House |
| 8:51 | Create | Fishing Ship |
| 9:25 | Create | Villager (Male) |
| 9:25 | Create | Villager (Male) |
| 9:25 | Create | Villager (Male) |
| 9:26 | Create | Villager (Male) |
| 9:27 | Create | Fishing Ship |
| 9:27 | Create | Fishing Ship |
| 9:41 | Build | Mining Camp |
| 9:42 | Create | Villager (Male) |
| 9:53 | Create | Villager (Male) |
| 10:19 | Build | House |
| 10:43 | Research | Feudal Age |
| 10:46 | Create | Fishing Ship |
| 10:46 | Create | Fishing Ship |
| 10:51 | Build | House |
| 11:11 | Build | Mill |
| 11:24 | Create | Villager (Male) |
| 11:55 | Create | Villager (Male) |
| 11:56 | Create | Villager (Male) |
| 12:36 | Build | House |
| 12:40 | Build | House |
| 12:46 | Create | Villager (Male) |
| 12:53 | Age | Feudal Age |
| 12:56 | Build | Market |
| 13:19 | Create | Villager (Male) |
| 13:37 | Create | Villager (Male) |
| 14:08 | Research | Castle Age |
| 14:14 | Build | Mining Camp |
| 14:24 | Build | Fish Trap |
| 14:33 | Create | Villager (Male) |
| 15:01 | Create | Villager (Male) |
| 15:11 | Build | Stable |
| 15:21 | Build | Fish Trap |
| 15:28 | Build | Fish Trap |
| 15:29 | Create | Villager (Male) |
| 15:39 | Build | Fish Trap |
| 15:45 | Research | Double-Bit Axe |
| 15:47 | Create | Villager (Male) |
| 16:12 | Build | Fish Trap |
| 16:27 | Build | Fish Trap |
| 16:28 | Create | Villager (Male) |
| 16:45 | Create | Villager (Male) |
| 16:52 | Build | Fish Trap |
| 16:56 | Create | Fishing Ship |
| 16:59 | Create | Villager (Male) |
| 17:38 | Age | Castle Age |
| 17:40 | Build | Town Center |
| 17:41 | Create | Villager (Male) |
| 18:08 | Create | Knight |
| 18:25 | Build | Town Center |
| 18:27 | Create | Villager (Male) |
| 18:34 | Create | Fishing Ship |
| 19:12 | Build | Lumber Camp |
| 19:13 | Create | Villager (Male) |
| 19:16 | Create | Villager (Male) |
| 19:21 | Create | Fishing Ship |
| 19:34 | Build | Fish Trap |
| 19:46 | Research | Tech 906 |
| 19:50 | Create | Villager (Male) |
| 19:52 | Create | Villager (Male) |
| 19:52 | Create | Villager (Male) |
| 20:00 | Create | Villager (Male) |
| 20:00 | Create | Villager (Male) |
| 20:03 | Create | Fishing Ship |
| 20:04 | Create | Fishing Ship |
| 20:13 | Build | Fish Trap |
| 20:15 | Create | Villager (Male) |
| 20:21 | Create | Villager (Male) |
| 20:22 | Create | Villager (Male) |
| 20:39 | Build | House |
| 20:43 | Build | Blacksmith |
| 20:55 | Create | Villager (Male) |
| 20:56 | Create | Villager (Male) |
| 20:56 | Create | Villager (Male) |
| 21:14 | Build | Monastery |
| 21:16 | Create | Villager (Male) |
| 21:21 | Build | Fish Trap |
| 21:24 | Build | Fish Trap |
| 21:28 | Build | House |
| 21:30 | Build | House |
| 21:34 | Build | House |
| 21:37 | Build | House |
| 21:40 | Build | House |
| 21:40 | Build | House |
| 21:41 | Build | House |
| 21:44 | Create | Villager (Male) |
| 21:44 | Create | Villager (Male) |
| 21:49 | Research | Wheelbarrow |
| 21:52 | Create | Fishing Ship |
| 21:52 | Create | Fishing Ship |
| 21:53 | Create | Fishing Ship |
| 22:00 | Create | Monk |
| 22:10 | Create | Villager (Male) |
| 22:10 | Create | Villager (Male) |
| 22:10 | Create | Villager (Male) |
| 22:28 | Create | Villager (Male) |
| 22:29 | Create | Villager (Male) |
| 22:34 | Build | Farm |
| 22:35 | Build | Farm |
| 22:38 | Build | Farm |
| 22:41 | Build | Fish Trap |
Build order — pray4u
First 150 of 550 actions detected
| 0:01 | Create | Villager (Male) ×4 |
| 0:03 | Build | House |
| 0:04 | Build | House |
| 1:35 | Create | Villager (Male) |
| 1:35 | Create | Villager (Male) |
| 2:00 | Create | Villager (Male) |
| 2:23 | Create | Villager (Male) |
| 2:24 | Create | Villager (Male) |
| 2:36 | Build | Lumber Camp |
| 2:51 | Create | Villager (Male) |
| 2:51 | Create | Villager (Male) |
| 3:25 | Create | Villager (Male) |
| 3:26 | Create | Villager (Male) |
| 3:27 | Create | Villager (Male) |
| 3:53 | Build | House |
| 4:05 | Create | Villager (Male) |
| 4:05 | Create | Villager (Male) |
| 4:10 | Build | House |
| 4:42 | Create | Villager (Male) |
| 4:43 | Create | Villager (Male) |
| 4:43 | Create | Villager (Male) |
| 5:48 | Create | Villager (Male) |
| 6:10 | Create | Villager (Male) |
| 6:11 | Create | Villager (Male) |
| 6:11 | Create | Villager (Male) |
| 6:52 | Create | Villager (Male) |
| 6:53 | Create | Villager (Male) |
| 7:19 | Create | Villager (Male) |
| 7:45 | Create | Villager (Male) |
| 7:54 | Create | Villager (Male) |
| 8:16 | Build | Mill |
| 8:37 | Build | Dock |
| 8:59 | Build | Mining Camp |
| 9:08 | Research | Feudal Age |
| 9:26 | Create | Fishing Ship |
| 9:28 | Build | House |
| 9:52 | Build | House |
| 9:59 | Create | Villager (Male) |
| 9:59 | Create | Villager (Male) |
| 10:34 | Create | Fishing Ship |
| 11:18 | Age | Feudal Age |
| 11:22 | Build | Market |
| 11:30 | Build | Blacksmith |
| 12:12 | Research | Castle Age |
| 12:13 | Research | Castle Age |
| 12:23 | Build | Palisade Wall |
| 12:26 | Build | Palisade Wall |
| 12:29 | Build | Palisade Wall |
| 12:31 | Build | Palisade Wall |
| 12:32 | Build | Palisade Wall |
| 13:08 | Build | Palisade Wall |
| 13:26 | Build | Palisade Wall |
| 13:27 | Build | Palisade Wall |
| 14:26 | Research | Double-Bit Axe |
| 14:29 | Research | Horse Collar |
| 14:38 | Create | Villager (Male) |
| 14:42 | Create | Fishing Ship |
| 14:52 | Age | Castle Age |
| 14:55 | Build | Monastery |
| 15:01 | Build | Town Center |
| 15:12 | Create | Villager (Male) |
| 15:28 | Build | Town Center |
| 15:36 | Create | Villager (Male) |
| 15:53 | Create | Villager (Male) |
| 15:58 | Create | Monk |
| 16:04 | Build | House |
| 16:38 | Create | Villager (Male) |
| 16:40 | Create | Villager (Male) |
| 16:40 | Create | Villager (Male) |
| 16:43 | Build | Farm |
| 16:44 | Research | Bow Saw |
| 16:47 | Build | Farm |
| 16:50 | Build | Farm |
| 17:02 | Research | Loom |
| 17:06 | Create | Villager (Male) |
| 17:07 | Create | Villager (Male) |
| 17:07 | Create | Villager (Male) |
| 17:14 | Build | Farm |
| 17:17 | Build | Farm |
| 17:19 | Build | Farm |
| 17:31 | Build | House |
| 17:33 | Create | Villager (Male) |
| 17:58 | Build | Siege Workshop |
| 18:01 | Create | Villager (Male) |
| 18:01 | Create | Villager (Male) |
| 18:07 | Build | Farm |
| 18:09 | Build | Farm |
| 18:13 | Build | Farm |
| 18:15 | Create | Villager (Male) |
| 18:15 | Create | Villager (Male) |
| 18:46 | Create | Scorpion |
| 18:47 | Create | Villager (Male) |
| 18:47 | Create | Villager (Male) |
| 18:55 | Build | Farm |
| 19:09 | Create | Villager (Male) |
| 19:09 | Create | Villager (Male) |
| 19:14 | Build | Farm |
| 19:15 | Build | Farm |
| 19:15 | Build | Farm |
| 19:15 | Build | Farm |
| 19:15 | Build | Farm |
| 19:16 | Build | Farm |
| 19:16 | Build | Farm |
| 19:16 | Create | Villager (Male) |
| 19:17 | Create | Villager (Male) |
| 19:19 | Create | Villager (Male) |
| 19:19 | Create | Villager (Male) |
| 19:30 | Create | Villager (Male) |
| 19:31 | Create | Monk |
| 20:04 | Create | Villager (Male) |
| 20:05 | Build | Farm |
| 20:07 | Build | Farm |
| 20:10 | Build | Farm |
| 20:11 | Create | Villager (Male) |
| 20:19 | Create | Villager (Male) |
| 20:19 | Create | Villager (Male) |
| 20:21 | Build | Farm |
| 20:22 | Build | Farm |
| 20:28 | Create | Villager (Male) |
| 20:32 | Create | Villager (Male) |
| 20:46 | Create | Villager (Male) |
| 20:56 | Build | Farm |
| 20:56 | Build | Farm |
| 20:56 | Build | Farm |
| 20:56 | Build | Farm |
| 21:03 | Build | Farm |
| 21:05 | Create | Villager (Male) |
| 21:05 | Create | Villager (Male) |
| 21:08 | Build | House |
| 21:16 | Create | Scorpion |
| 21:21 | Build | House |
| 21:24 | Build | House |
| 21:25 | Create | Villager (Male) |
| 21:30 | Build | Farm |
| 21:33 | Build | House |
| 21:45 | Build | Barracks |
| 21:49 | Create | Mangonel |
| 21:51 | Create | Villager (Male) |
| 21:53 | Research | Scale Barding Armor |
| 21:55 | Research | Wheelbarrow |
| 21:55 | Create | Villager (Male) |
| 21:56 | Create | Villager (Male) |
| 22:05 | Research | Gold Mining |
| 22:13 | Build | Stable |
| 22:28 | Create | Villager (Male) |
| 22:28 | Create | Villager (Male) |
| 22:30 | Build | House |
| 22:32 | Build | House |
| 22:35 | Build | Farm |
| 22:39 | Create | Villager (Male) |
Build order — Alvaro
First 150 of 550 actions detected
| 0:00 | Create | Villager (Male) |
| 0:01 | Create | Villager (Male) |
| 0:01 | Create | Villager (Male) |
| 0:02 | Build | House |
| 0:03 | Build | House |
| 0:05 | Create | Villager (Male) |
| 0:05 | Create | Villager (Male) |
| 1:33 | Create | Villager (Male) |
| 1:33 | Create | Villager (Male) |
| 1:33 | Create | Villager (Male) |
| 1:58 | Create | Villager (Male) |
| 1:59 | Create | Villager (Male) |
| 2:19 | Create | Villager (Male) |
| 2:19 | Create | Villager (Male) |
| 2:26 | Build | Lumber Camp |
| 2:54 | Create | Villager (Male) |
| 2:54 | Create | Villager (Male) |
| 2:54 | Create | Villager (Male) |
| 2:58 | Create | Villager (Male) |
| 2:59 | Create | Villager (Male) |
| 3:52 | Build | House |
| 3:53 | Build | House |
| 3:59 | Create | Villager (Male) |
| 4:00 | Create | Villager (Male) |
| 4:00 | Create | Villager (Male) |
| 4:01 | Create | Villager (Male) |
| 4:53 | Create | Villager (Male) ×2 |
| 5:23 | Build | Mill |
| 5:23 | Create | Villager (Male) |
| 5:24 | Create | Villager (Male) |
| 5:40 | Create | Villager (Male) ×2 |
| 5:41 | Create | Villager (Male) ×2 |
| 6:47 | Create | Villager (Male) |
| 6:47 | Create | Villager (Male) |
| 6:47 | Create | Villager (Male) |
| 7:18 | Create | Villager (Male) |
| 7:37 | Create | Villager (Male) |
| 7:53 | Build | Mining Camp |
| 8:07 | Create | Villager (Male) |
| 8:07 | Create | Villager (Male) |
| 9:11 | Research | Feudal Age |
| 10:43 | Build | House |
| 10:44 | Build | House |
| 10:46 | Build | House |
| 11:22 | Age | Feudal Age |
| 11:27 | Create | Villager (Male) |
| 11:27 | Create | Villager (Male) |
| 12:02 | Build | Market |
| 12:03 | Create | Villager (Male) |
| 12:03 | Create | Villager (Male) |
| 12:10 | Build | Blacksmith |
| 12:15 | Build | Blacksmith |
| 13:39 | Research | Castle Age |
| 13:39 | Research | Castle Age |
| 13:52 | Research | Double-Bit Axe |
| 13:53 | Research | Horse Collar |
| 14:25 | Build | Farm |
| 14:25 | Build | Farm |
| 14:25 | Build | Farm |
| 14:26 | Build | Farm |
| 14:26 | Build | Farm |
| 14:26 | Build | Farm |
| 14:26 | Build | Farm |
| 14:47 | Build | Farm |
| 14:52 | Build | Farm |
| 14:59 | Build | Farm |
| 15:07 | Build | Farm |
| 16:19 | Age | Castle Age |
| 16:22 | Build | Siege Workshop |
| 16:28 | Build | Siege Workshop |
| 16:35 | Research | Loom |
| 16:36 | Create | Villager (Male) |
| 16:36 | Create | Villager (Male) |
| 16:36 | Create | Villager (Male) |
| 16:41 | Research | Bow Saw |
| 17:13 | Create | Mangonel |
| 17:29 | Create | Villager (Male) |
| 17:29 | Create | Villager (Male) |
| 17:34 | Build | Mining Camp |
| 17:40 | Create | Scorpion |
| 17:40 | Create | Scorpion |
| 17:56 | Create | Scorpion |
| 17:56 | Create | Scorpion |
| 18:11 | Create | Scorpion |
| 18:11 | Create | Scorpion |
| 18:27 | Build | House |
| 18:28 | Build | House |
| 18:28 | Build | House |
| 18:29 | Build | House |
| 19:17 | Create | Scorpion |
| 19:17 | Create | Scorpion |
| 19:18 | Create | Villager (Male) |
| 19:18 | Create | Villager (Male) |
| 19:40 | Create | Scorpion |
| 19:40 | Create | Scorpion |
| 19:40 | Create | Scorpion |
| 20:13 | Create | Mangonel |
| 20:26 | Create | Villager (Male) |
| 20:26 | Create | Villager (Male) |
| 20:28 | Create | Villager (Male) |
| 20:31 | Create | Scorpion |
| 20:32 | Create | Scorpion |
| 20:32 | Create | Scorpion |
| 20:50 | Create | Scorpion |
| 20:50 | Create | Scorpion |
| 20:51 | Create | Villager (Male) |
| 20:54 | Build | House |
| 21:24 | Create | Mangonel |
| 21:24 | Create | Scorpion |
| 21:24 | Create | Scorpion |
| 21:25 | Create | Scorpion |
| 21:26 | Create | Villager (Male) |
| 21:26 | Create | Villager (Male) |
| 21:45 | Create | Scorpion |
| 21:46 | Create | Scorpion |
| 21:46 | Create | Villager (Male) |
| 21:47 | Create | Villager (Male) |
| 22:22 | Create | Scorpion |
| 22:22 | Create | Scorpion |
| 22:26 | Create | Villager (Male) |
| 22:26 | Create | Villager (Male) |
| 22:27 | Build | House |
| 22:28 | Build | House |
| 22:29 | Build | House |
| 22:30 | Build | House |
| 22:37 | Create | Scorpion |
| 22:57 | Research | Heavy Plow |
| 23:03 | Build | Lumber Camp |
| 23:56 | Create | Scorpion |
| 23:56 | Create | Scorpion |
| 23:56 | Create | Villager (Male) |
| 23:57 | Create | Villager (Male) |
| 23:57 | Create | Villager (Male) |
| 24:07 | Build | Town Center |
| 24:24 | Create | Mangonel |
| 24:25 | Create | Scorpion |
| 24:25 | Create | Scorpion |
| 24:39 | Research | Wheelbarrow |
| 24:43 | Research | Gold Mining |
| 25:04 | Create | Scorpion ×2 |
| 25:08 | Build | Lumber Camp |
| 26:02 | Create | Mangonel |
| 26:17 | Build | House |
| 26:18 | Build | House |
| 26:18 | Build | House |
| 26:20 | Create | Villager (Male) |
| 26:21 | Create | Villager (Male) |
| 26:42 | Build | Town Center |
| 27:07 | Create | Mangonel |
| 27:07 | Create | Mangonel |
Match timeline
| 0:40 | Flowmas · wall_segment Palisade Wall x9 |
| 0:57 | Fluffy · wall_segment Palisade Wall x8 |
| 1:50 | Lolokoil · wall_segment Palisade Wall x11 |
| 1:56 | Lolokoil · wall_segment Palisade Wall x11 |
| 2:02 | bluepeople · wall_segment Palisade Wall x7 |
| 2:09 | bluepeople · wall_segment Palisade Wall x9 |
| 2:46 | bluepeople · wall_segment Palisade Wall x9 |
| 4:52 | Gumndor · wall_segment Palisade Wall x1 |
| 5:01 | Gumndor · wall_segment Palisade Wall x1 |
| 5:51 | Ozz · first_building Dock |
| 6:23 | Gumndor · first_building Dock |
| 7:38 | bluepeople · wall_segment Palisade Wall x9 |
| 7:44 | Fluffy · first_building Barracks |
| 8:37 | pray4u · first_building Dock |
| 9:34 | Fluffy · age_up feudal |
| 9:36 | Fluffy · first_building Archery Range |
| 10:13 | Flowmas · wall_segment Palisade Wall x10 |
| 10:25 | bluepeople · age_up feudal |
| 10:57 | Flowmas · first_building Barracks |
| 11:02 | Lolokoil · wall_segment Palisade Wall x9 |
| 11:13 | Lolokoil · wall_segment Palisade Wall x1 |
| 11:14 | Lolokoil · wall_segment Palisade Wall x1 |
| 11:16 | Lolokoil · wall_segment Palisade Wall x1 |
| 11:18 | pray4u · age_up feudal |
| 11:18 | Flowmas · wall_segment Palisade Wall x1 |
| 11:19 | Lolokoil · wall_segment Palisade Wall x1 |
| 11:20 | Lolokoil · wall_segment Palisade Wall x2 |
| 11:20 | Flowmas · wall_segment Palisade Wall x1 |
| 11:22 | Alvaro · age_up feudal |
| 11:24 | Lolokoil · wall_segment Palisade Wall x1 |
| 11:27 | Lolokoil · wall_segment Palisade Wall x1 |
| 11:28 | Lolokoil · wall_segment Palisade Wall x1 |
| 11:30 | Lolokoil · wall_segment Palisade Wall x1 |
| 11:31 | Lolokoil · wall_segment Palisade Wall x1 |
| 11:38 | Lolokoil · wall_segment Palisade Wall x1 |
| 11:39 | Ozz · age_up feudal |
| 11:51 | Lolokoil · wall_segment Palisade Wall x1 |
| 12:03 | Flowmas · age_up feudal |
| 12:23 | pray4u · wall_segment Palisade Wall x2 |
| 12:26 | pray4u · wall_segment Palisade Wall x2 |
| 12:29 | pray4u · wall_segment Palisade Wall x1 |
| 12:31 | pray4u · wall_segment Palisade Wall x1 |
| 12:32 | pray4u · wall_segment Palisade Wall x1 |
| 12:33 | Lolokoil · age_up feudal |
| 12:40 | Ozz · first_market_sell 100 food |
| 12:53 | Gumndor · age_up feudal |
| 13:08 | pray4u · wall_segment Palisade Wall x6 |
| 13:26 | pray4u · wall_segment Palisade Wall x1 |
| 13:27 | pray4u · wall_segment Palisade Wall x1 |
| 13:33 | Lolokoil · wall_segment Palisade Wall x6 |
| 13:53 | Flowmas · wall_segment Stone Wall x17 |
| 14:04 | Gumndor · first_market_sell 100 wood |
| 14:52 | pray4u · age_up castle |
| 14:55 | pray4u · first_building Monastery |
| 15:11 | Gumndor · first_building Stable |
| 15:18 | Flowmas · first_building Archery Range |
| 15:31 | bluepeople · wall_segment Stone Wall x8 |
| 15:34 | Ozz · age_up castle |
| 16:11 | Lolokoil · first_building Barracks |
| 16:17 | Fluffy · wall_segment Stone Wall x1 |
| 16:19 | Alvaro · age_up castle |
| 16:22 | Alvaro · first_building Siege Workshop |
| 16:25 | Ozz · first_building Monastery |
| 16:49 | Lolokoil · first_building Dock |
| 17:35 | Ozz · first_building Barracks |
| 17:38 | Gumndor · age_up castle |
| 17:40 | Lolokoil · first_building Archery Range |
| 17:51 | Gumndor · first_market_buy 100 wood |
| 17:58 | pray4u · first_building Siege Workshop |
| 18:14 | Fluffy · wall_segment Stone Wall x5 |
| 18:31 | Ozz · first_building Stable |
| 19:18 | pray4u · first_market_buy 100 food |
| 19:23 | bluepeople · first_building Barracks |
| 20:18 | bluepeople · age_up castle |
| 20:19 | bluepeople · first_building Siege Workshop |
| 20:34 | Fluffy · first_market_buy 100 food |
| 20:35 | Fluffy · first_market_sell 100 wood |
| 20:40 | Flowmas · first_market_buy 100 food |
| 21:14 | Gumndor · first_building Monastery |
| 21:39 | Lolokoil · first_market_sell 100 wood |
| 21:45 | pray4u · first_building Barracks |
| 22:13 | pray4u · first_building Stable |
| 23:39 | Fluffy · age_up castle |
| 23:42 | Fluffy · first_building Monastery |
| 23:57 | Gumndor · first_building Siege Workshop |
| 24:21 | Lolokoil · age_up castle |
| 24:23 | bluepeople · first_market_buy 100 food |
| 25:13 | bluepeople · wall_segment Stone Wall x9 |
| 25:32 | Flowmas · first_market_sell 100 wood |
| 26:59 | Lolokoil · wall_segment Stone Wall x18 |
| 27:54 | Lolokoil · wall_segment Stone Wall x8 |
| 28:00 | bluepeople · resign |
| 28:31 | Fluffy · wall_segment Stone Wall x1 |
| 28:33 | Fluffy · wall_segment Stone Wall x1 |
| 28:36 | Fluffy · wall_segment Stone Wall x1 |
| 28:38 | Fluffy · wall_segment Stone Wall x1 |
| 29:06 | Fluffy · wall_segment Stone Wall x1 |
| 29:06 | Ozz · first_building Castle |
| 29:28 | Fluffy · wall_segment Stone Wall x1 |
| 29:29 | Ozz · first_building Archery Range |
| 30:43 | Lolokoil · first_building Monastery |
| 30:47 | Gumndor · first_building Castle |
| 31:12 | Lolokoil · wall_segment Stone Wall x5 |
| 31:40 | Alvaro · first_market_sell 100 wood |
| 31:49 | Ozz · first_market_buy 100 wood |
| 32:21 | Lolokoil · wall_segment Stone Wall x7 |
| 32:43 | pray4u · age_up imperial |
| 33:18 | Ozz · age_up imperial |
| 33:23 | Gumndor · age_up imperial |
| 33:45 | Flowmas · age_up castle |
| 34:57 | Alvaro · age_up imperial |
| 35:52 | pray4u · first_building Krepost |
| 37:21 | Lolokoil · first_building Castle |
| 38:40 | Alvaro · first_building Castle |
| 39:53 | Fluffy · age_up imperial |
| 41:03 | Lolokoil · age_up imperial |
| 41:17 | Alvaro · first_building Barracks |
| 42:10 | Fluffy · wall_segment Stone Wall x4 |
| 42:11 | Fluffy · wall_segment Stone Wall x8 |
| 42:17 | Fluffy · first_building Siege Workshop |
| 42:40 | Fluffy · wall_segment Stone Wall x1 |
| 43:06 | pray4u · first_building Castle |
| 43:13 | Fluffy · wall_segment Stone Wall x5 |
| 43:17 | Fluffy · wall_segment Stone Wall x5 |
| 43:18 | Fluffy · wall_segment Stone Wall x1 |
| 43:33 | Fluffy · wall_segment Stone Wall x6 |
| 43:46 | Fluffy · wall_segment Stone Wall x5 |
| 44:02 | Lolokoil · first_building Siege Workshop |
| 44:12 | Fluffy · wall_segment Stone Wall x3 |
| 44:17 | Ozz · first_building Siege Workshop |
| 46:12 | Fluffy · wall_segment Stone Wall x8 |
| 46:19 | Flowmas · first_building Castle |
| 46:22 | Fluffy · wall_segment Stone Wall x5 |
| 46:24 | Flowmas · first_building Siege Workshop |
| 47:32 | Fluffy · wall_segment Stone Wall x13 |
| 48:39 | Alvaro · wall_segment Stone Wall x9 |
| 49:58 | pray4u · first_market_sell 100 food |
| 50:19 | Flowmas · age_up imperial |
| 51:07 | Fluffy · wall_segment Stone Wall x7 |
| 51:55 | Fluffy · wall_segment Stone Wall x6 |
| 52:55 | Lolokoil · tribute_sent a jugador 1 |
| 52:55 | Lolokoil · tribute_sent a jugador 3 |
| 52:55 | Lolokoil · tribute_sent a jugador 4 |
| 52:55 | Lolokoil · tribute_sent a jugador 5 |
| 52:55 | Lolokoil · tribute_sent a jugador 6 |
| 52:55 | Lolokoil · tribute_sent a jugador 7 |
| 52:55 | Lolokoil · tribute_sent a jugador 8 |
| 52:58 | Fluffy · wall_segment Stone Wall x7 |
| 54:06 | Fluffy · wall_segment Stone Wall x2 |
| 54:28 | Fluffy · wall_segment Stone Wall x1 |
| 54:29 | Fluffy · wall_segment Stone Wall x1 |
| 54:42 | Fluffy · wall_segment Palisade Wall x1 |
| 55:50 | Lolokoil · tribute_sent a jugador 1 |
| 55:50 | Lolokoil · tribute_sent a jugador 3 |
| 55:50 | Lolokoil · tribute_sent a jugador 4 |
| 55:50 | Lolokoil · tribute_sent a jugador 5 |
| 55:50 | Lolokoil · tribute_sent a jugador 6 |
| 55:50 | Lolokoil · tribute_sent a jugador 7 |
| 55:50 | Lolokoil · tribute_sent a jugador 8 |
| 55:51 | Gumndor · tribute_sent a jugador 1 |
| 55:51 | Gumndor · tribute_sent a jugador 2 |
| 55:51 | Gumndor · tribute_sent a jugador 3 |
| 55:51 | Gumndor · tribute_sent a jugador 4 |
| 55:51 | Gumndor · tribute_sent a jugador 5 |
| 55:51 | Gumndor · tribute_sent a jugador 7 |
| 55:51 | Gumndor · tribute_sent a jugador 8 |
| 56:48 | Fluffy · wall_segment Stone Wall x1 |
| 61:02 | Alvaro · tribute_sent a jugador 1 |
| 61:02 | Alvaro · tribute_sent a jugador 2 |
| 61:02 | Alvaro · tribute_sent a jugador 3 |
| 61:02 | Alvaro · tribute_sent a jugador 4 |
| 61:02 | Alvaro · tribute_sent a jugador 5 |
| 61:02 | Alvaro · tribute_sent a jugador 6 |
| 61:02 | Alvaro · tribute_sent a jugador 7 |
| 63:20 | pray4u · tribute_sent a jugador 1 |
| 63:20 | pray4u · tribute_sent a jugador 2 |
| 63:20 | pray4u · tribute_sent a jugador 3 |
| 63:20 | pray4u · tribute_sent a jugador 4 |
| 63:20 | pray4u · tribute_sent a jugador 5 |
| 63:20 | pray4u · tribute_sent a jugador 6 |
| 63:20 | pray4u · tribute_sent a jugador 8 |
| 64:15 | Gumndor · tribute_sent a jugador 1 |
| 64:15 | Gumndor · tribute_sent a jugador 2 |
| 64:15 | Gumndor · tribute_sent a jugador 3 |
| 64:15 | Gumndor · tribute_sent a jugador 4 |
| 64:16 | Gumndor · tribute_sent a jugador 5 |
| 64:16 | Gumndor · tribute_sent a jugador 7 |
| 64:16 | Gumndor · tribute_sent a jugador 8 |
| 65:12 | Alvaro · tribute_sent a jugador 1 |
| 65:12 | Alvaro · tribute_sent a jugador 2 |
| 65:12 | Alvaro · tribute_sent a jugador 3 |
| 65:12 | Alvaro · tribute_sent a jugador 4 |
| 65:12 | Alvaro · tribute_sent a jugador 5 |
| 65:12 | Alvaro · tribute_sent a jugador 6 |
| 65:12 | Alvaro · tribute_sent a jugador 7 |
[ AI ANALYSIS · 1 CREDIT ]
What really happened in this match?
Wolo.gg analyzes every decision: build order, eco, micro, common mistakes by bracket. Personalized analysis on WhatsApp or Discord in 30 seconds.
Civ guide
Ethiopians
Perfil
Jugador #93946